 Dungeon Crawl Stone Soup version 0.26-a0-966-gd078a86f14 (webtiles) character file.

Game seed: 11453944956088372314

152 LabCoat the Chopper (level 5, -9/46 HPs)
             Began as a Hill Orc Fighter on Dec 3, 2020.
             Mangled by an ogre
             ... wielding a cursed -2 giant club
              (19 damage)
             ... on level 3 of the Dungeon.
             The game lasted 00:07:13 (2480 turns).

LabCoat the Chopper (Hill Orc Fighter)              Turns: 2480, Time: 00:07:14

Health: -9/46      AC: 13    Str: 20    XL:     5   Next: 34%
Magic:  5/5        EV:  3    Int: 14    God:
Gold:   108        SH:  9    Dex: 10    Spells: 4/4 levels left

rFire    . . .     SeeInvis .   a - +1 war axe
rCold    . . .     Faith    .   c - +0 kite shield
rNeg     . . .     Spirit   .   n - -1 plate armour
rPois    +         Reflect  .   (no helmet)
rElec    .         Harm     .   k - +2 cloak
rCorr    .         Rampage  .   (no gloves)
MR       .....                  (no boots)
Stlth    ..........             (no amulet)
HPRegen  0.15/turn              g - +6 ring of intelligence
MPRegen  0.09/turn              j - ring of poison resistance

@: mighty
A: no striking features
a: no special abilities


You were on level 3 of the Dungeon.
You visited 1 branch of the dungeon, and saw 4 of its levels.

You collected 108 gold pieces.

Inventory:

Hand Weapons
 a - a +1 war axe (weapon)
Missiles
 f - 9 boomerangs (quivered)
Armour
 c - a +0 kite shield (worn)
 k - a +2 cloak (worn)
 n - a -1 plate armour (worn)
Jewellery
 g - a +6 ring of intelligence (left hand)
 j - a ring of poison resistance (right hand)
Wands
 o - a wand of polymorph (9)
Scrolls
 b - a scroll of magic mapping
 p - 3 scrolls of enchant weapon
Potions
 e - a potion of berserk rage {unknown}
 h - 2 potions of curing {unknown}
 i - 2 potions of brilliance {unknown}
 l - a potion of cancellation {unknown}
 m - a potion of degeneration {unknown}


   Skills:
 + Level 4.1 Fighting
 * Level 5.9 Axes
 + Level 3.8 Armour
 + Level 3.8 Shields


You had 4 spell levels left.
You didn't know any spells.
Your spell library was empty.

Dungeon Overview and Level Annotations

Branches:
Dungeon (4/15)
 Temple: D:4-7

Altars:
Nemelex Xobeh


Message History

You block the ogre's attack. You block the gnoll's attack.
The centaur hits you but does no damage.
The centaur hits you from afar with a +0 halberd.
The gnoll hits you but does no damage.
The ogre hits you with a cursed -2 giant club.
You block the gnoll's attack.
You climb upwards.
There is a stone staircase leading down here.
You closely miss the gnoll. You hit the ogre. You block the gnoll's attack.
The ogre hits you with a cursed -2 giant club!
* * * LOW HITPOINT WARNING * * *
You barely miss the ogre.
The ogre is moderately wounded.
You barely miss the gnoll. The gnoll hits you with a +0 flail.
* * * LOW HITPOINT WARNING * * *
You block the ogre's attack.
You feel very mighty all of a sudden. The gnoll hits you but does no damage.
The ogre hits you with a cursed -2 giant club!!
You die...

###########..........#
.....................############
#####................##.........#
....#................##.........#
...........###.#.(..###.........#
.............#.#.##.............'
.....#.......#.#..#.............#
..###.....#..#.#O.#......####.#.#
................@g#......# #.#.#
##.##.#####..#.#..#......# #.#.#
...##.#####..#.#..#....[.# #.#..
#..##........#.#..#......# #.#.#
#..#########.#.#..#....).####.#.#
......######.#......#.......#.#.#
#..##.#...........###.......#.#.#
...<#.#...........# #.......#.#..
.#..#.#..........####.......#.###


You could see an ogre and a gnoll.

Vanquished Creatures
  Jessica (D:3)
  An iguana (D:4)
  2 adders (D:2)
  An ooze (D:1)
  3 dart slugs
  3 leopard geckos
  4 orcs (D:3)
  3 giant cockroaches
  5 goblins
  7 hobgoblins
  3 jackals (D:2)
  A quokka (D:2)
  12 bats
  6 frilled lizards
  6 kobolds
  8 rats
66 creatures vanquished.

Notes
Turn   | Place    | Note
-------+----------+-------------------------------------------
     0 | D:1      | LabCoat the Hill Orc Fighter began the quest for the Orb.
     0 | D:1      | Reached XP level 1. HP: 19/19 MP: 1/1
    70 | D:1      | Reached XP level 2. HP: 19/27 MP: 2/2
   188 | D:1      | Reached skill level 3 in Axes
   632 | D:1      | Reached XP level 3. HP: 33/33 MP: 3/3
   927 | D:2      | Found a faded altar of an unknown god.
   959 | D:2      | Reached skill level 4 in Axes
   978 | D:2      | Found a sparkling altar of Nemelex Xobeh.
  1212 | D:2      | Reached XP level 4. HP: 35/40 MP: 4/4
  1574 | D:3      | Noticed Jessica
  1582 | D:3      | Killed Jessica
  1583 | D:3      | Reached skill level 5 in Axes
  1726 | D:3      | Reached XP level 5. HP: 46/46 MP: 5/5
  2217 | D:4      | Noticed an ogre
  2218 | D:4      | Noticed a centaur
  2218 | D:4      | a gnoll changed into a centaur
  2480 | D:3      | Mangled by an ogre

Illustrated notes

Levels and vault maps discovered:
D:1:      nicolae_arrival_memento_mori, layout_loops_cross
D:2:      layout_loops_ring, nemelex_xobeh_ov_fountains_minmay,
          chequers_ecumenical_altar_island
D:3:      layout_basic, uniq_jessica
D:4:      layout_gridville, marbit_many_paths, kennysheep_mini_moat,
          serial_shops, kennysheep_mini, shop, uniq_menkaure, uniq_grinder

Skill      XL: |  1  2  3  4 |
---------------+-------------+-----
Axes           | 3 4 5 |  5.9
Fighting       | 4 |  4.1
Armour         | |  3.8
Shields        | |  3.8

Action                   |  1- 3 |  4- 6 || total
-------------------------+-------+-------++-------
Melee: War axe           |   117 |    56 ||   173
Evoke: Wand              |       |     1 ||     1
  Use: Scroll            |     2 |     5 ||     7
       Potion            |       |     1 ||     1
Armor: Scale mail        |    46 |       ||    46
       Plate armour      |    26 |    35 ||    61
Dodge: Dodged            |    31 |     4 ||    35
Block: Kite shield       |    59 |    46 ||   105

Table legend: (Time is in decaauts)
 A = Elapsed time spent in this place.
 B = Non-inter-level travel time spent in this place.
 C = Inter-level travel time spent in this place.
 D = Time resting spent in this place.
 E = Time spent auto-exploring this place.
 F = Levels seen in this place.
 G = Mean time per level.
                   A        B        C        D        E       F      G
               +--------+--------+--------+--------+--------+-----+--------+
         Total |   2547 |   2441 |    106 |    521 |   1462 |   4 |  636.8 |
       Dungeon |   2547 |   2441 |    106 |    521 |   1462 |   4 |  636.8 |
               +--------+--------+--------+--------+--------+-----+--------+

Top non-repeatable levels by time:
     D:1: 834 daAuts
     D:3: 801 daAuts
     D:2: 781 daAuts
     D:4: 131 daAuts
